 Dungeon Crawl Stone Soup version bcrawl-1.39.1 (webtiles) character file.

Game seed: 17422077004839589512

10080387 yrara the Bludgeoner (level 17, -5/152 HPs)
             Began as a Demonspawn Fighter on Aug 28, 2023.
             Was an Initiate of Gozag.
             Slain by a wind drake (25 damage)
             ... on level 3 of the Shoals.
             The game lasted 00:40:29 (28035 turns).

yrara the Bludgeoner (Demonspawn Fighter)          Turns: 28035, Time: 00:40:30

Health: -5/152     AC: 35    Str: 22    XL:     17   Next: 88%
Magic:  0/17       EV:  8    Int: 13    God:    Gozag
Gold:   1421       SH:  0    Dex: 16    Spells: 16/16 levels left

rFire    . . .     GDR:     36% a - +3 eveningstar "Husois" {venom, Stlth+}
rCold    . . .     SeeInvis .   (no shield)
rNeg     . . .     Gourm    .   M - +17 plate armour "Joabob" {+Inv rElec}
rPois    +         Faith    .   (helmet restricted)
rElec    +         Spirit   +   Y - scarf {repulsion}
rCorr    .         Reflect  +   O - +2 pair of gloves {archery}
MR       ++...                  (boots unavailable)
Stlth    ++........             T - +6 amulet of reflection
HPRegen  0.35/turn              P - ring of poison resistance
MPRegen  0.30/turn              V - ring "Ishaihatz" {MR+ Str+2 Dex+3 Stlth++}

@: swift, sleeping, engulfed (cannot breathe), gold aura, flying, mesmerised,
repel missiles, quick
A: antennae 2, claws 2, talons 3, demonic guardian 2, robust 1, magic shield,
magic regeneration, magic link
}: 1/15 runes: serpentine
a: Potion Petition, Call Merchant, Bribe Branch, Renounce Religion, Evoke
Invisibility


You were on level 3 of the Shoals.
You worshipped Gozag.
Gozag was most pleased with you.
You were hungry.

You visited 5 branches of the dungeon, and saw 25 of its levels.
You also visited: Gauntlet and Ice Cave.

You collected 10657 gold pieces.
You spent 4372 gold pieces at shops.
You paid 4864 gold pieces to Gozag.

Inventory:

Hand Weapons
 a - the +3 eveningstar "Husois" (weapon) {venom, Stlth+}
   (You bought it in a shop on level 8 of the Dungeon)

   It poisons the flesh of those it strikes.
   It makes you more stealthy.
 b - the +9 shortbow "Arbiter" {flame, rF- Str+6}
   (You bought it in a shop on level 8 of the Dungeon)

   It causes projectiles fired from it to surge with flame as they hit,
   increasing damage dealt by approximately one third against foes not resistant
   or susceptible to fire.
   It affects your strength (+6).
   It makes you vulnerable to fire.
 i - the cursed +1 whip of Ylirul {slash, rF++ MP+9 Int-3 Dex+4}
   (You found it on level 1 of the Shoals)

   It will always inflict at least some extra damage.
   This minimum extra damage increases with your current reserve of magical
   power.
   It affects your intelligence (-3).
   It affects your dexterity (+4).
   It greatly protects you from fire.
   It affects your magic capacity (+9).
   It has a curse placed upon it.
Missiles
 h - 4951 arrows
Armour
 F - the +8 orange crystal plate armour {Archmagi, Int+3 Clar}
   (You bought it in a shop on level 4 of the Dungeon)

   It affects your intelligence (+3).
   It protects you against confusion.
 M - the +17 plate armour "Joabob" (worn) {+Inv rElec}
   (You found it in an ice cave)

   It insulates you from electricity.
   It lets you turn invisible.
 O - a +2 pair of gloves of archery (worn)
 S - a +2 hat
 Y - a scarf of repulsion (worn)
Jewellery
 d - a +3 ring of slaying
 l - an uncursed amulet of regeneration
 s - an uncursed ring of protection from cold
 w - a +3 amulet of reflection
 I - an uncursed ring of positive energy
 L - an uncursed ring of protection from fire
 N - a +4 ring of dexterity
 P - a ring of poison resistance (left hand)
 T - a +6 amulet of reflection (around neck)
 V - the ring "Ishaihatz" (right hand) {MR+ Str+2 Dex+3 Stlth++}
   (You took it off a minotaur in a Gauntlet)

   [ring of stealth]

   It affects your strength (+2).
   It affects your dexterity (+3).
   It affects your resistance to hostile enchantments.
   It makes you much more stealthy.
 Z - a +4 ring of strength
Wands
 t - a wand of flame (59)
 u - a wand of polymorph (46)
 z - a wand of acid (21)
 C - a wand of disintegration (11)
 K - a wand of digging (18)
 U - a wand of paralysis (6)
 X - a wand of iceblast (4)
Scrolls
 g - 9 scrolls of remove curse
 n - 4 scrolls of enchant armour
 q - a scroll of brand weapon
 r - 10 scrolls of amnesia
 v - 2 scrolls of revelation
 y - 2 scrolls of fear
 E - 7 scrolls of enchant weapon
 G - a scroll of teleportation
 Q - a scroll of fog
 W - 3 scrolls of blinking
Potions
 c - a potion of experience
 j - 6 potions of curing
 k - 5 potions of haste
 m - 5 potions of might
 o - 10 potions of flight
 p - 2 potions of ambrosia
 A - 6 potions of brilliance
 B - 5 potions of lignification
 D - 2 potions of resistance
 H - a potion of agility
 J - 2 potions of invisibility
Miscellaneous
 x - a phantom mirror
Comestibles
 e - 10 rations {!d}


   Skills:
 + Level 14.1 Fighting
 * Level 17.5 Maces & Flails
 * Level 15.7 Bows
 + Level 11.8 Armour
 + Level 2.8 Dodging
 + Level 5.2 Stealth
   Level 2.6 Shields
 + Level 0.3 Unarmed Combat
 + Level 0.3 Evocations


You had 16 spell levels left.
You didn't know any spells.
Your spell library contained the following spells:

 Spells                   Type           Power        Failure   Level  Hunger
 Corona                   Hex            #......      98%         1    None
 Sandblast                Erth           #.....       98%         1    None
 Passwall                 Tmut/Erth      #.......     99%         2    ####...
 Shackle                  Hex            #.......     99%         2    ####...
 Sublimation of Blood     Necr           #.........   99%         2    ####...
 False Image              Hex/Summ       #.......     100%        3    #####..
 Ignite Poison            Fire/Tmut/Pois #.......     100%        3    #####..
 Inner Flame              Hex/Fire       N/A          100%        3    #####..
 Stone Arrow              Conj/Erth      #.....       100%        3    #####..
 Cause Fear               Hex            #.........   100%        4    ######.
 Petrify                  Tmut/Erth      #.........   100%        4    ######.
 Sticky Flame             Conj/Fire      #.......     100%        4    ######.
 Yara's Violent Unravell  Hex/Tmut       #.........   100%        4    ######.
 Freezing Cloud           Ice/Air        #.......     100%        5    #######
 Lee's Rapid Deconstruct  Erth           #.........   100%        5    #######
 Metabolic Englaciation   Hex/Ice        #.........   100%        5    #######
 Bolt of Cold             Conj/Ice       #.........   100%        6    #######
 Ozocubu's Refrigeration  Ice            #.........   100%        6    #######
 Simulacrum               Ice/Necr       #.......     100%        6    #######
 Virulence                Hex/Pois       #.......     100%        6    #######


Dungeon Overview and Level Annotations

Branches:
Dungeon (12/12)            Temple (0/1) D:7            Lair (6/6) D:9
 Shoals (3/3) Lair:2        Snake (3/3) Lair:4        Slime (0/5) Orc
    Orc (1/1) D:8             Elf (0/3) Lair:6       Vaults (0/3) D:12
 Depths (0/5) D:12

Altars:
Ashenzari
Dithmenos
Fedhas
Gozag
Hepliaklqana
Kikubaaqudgha
Makhleb
Nemelex Xobeh
Sif Muna
Trog
Uskayaw
Wu Jian
Yredelemnul
Jiyva

Shops:
D:4 [*}   D:7 }   D:8 [[((   D:11 (   Orc =[=?!   Lair:4 ([   Snake:2 (}

Annotations:
D:5 exclusion: door
Shoals:3 Ilsuiw


Innate Abilities, Weirdness & Mutations

You have a pair of antennae on your head.
You have very sharp fingernails.
You have claws for feet.
A demonic guardian rushes to your aid.
You are robust. (+10% HP)
When hurt, damage is shared between your health and your magic reserves.
You regenerate magic rapidly.
When low on magic, you restore magic in place of health.


Message History

The water elemental engulfs you in water!
Your unstable footing causes you to fumble your attack.
* * * LOW HITPOINT WARNING * * *
Your lungs strain for air!
The dream sheep bites you but does no damage.
The merfolk avatar chants a haunting song.
You resist with almost no effort.
The wind drake bites you but does no damage.
The dream sheep barely misses you.
You feel very buoyant.
You fly up into the air.
* * * LOW HITPOINT WARNING * * *
Your lungs strain for air!
The water elemental hits you.
The merfolk avatar chants its luring song.
The dream sheep shake their wool and sparkle.
You feel drowsy...
You fall asleep.
The wind drake bites you!!
You die...
Your body crumbles into a pile of gold.

≈≈≈≈≈ ≈≈≈≈≈
...≈≈≈≈≈≈≈≈≈≈≈≈
≈≈≈≈≈
≈≈≈≈≈m≈≈≈≈≈≈≈≈≈
≈≈S≈≈
≈≈≈≈≈≈≈≈≈.≈≈≈≈≈
≈≈≈≈≈
≈≈≈≈≈≈≈..≈≈≈≈
####
...≈≈...≈≈(≈ #
.####.≈Y≈.≈≈≈≈≈
......Yk≈P≈P≈≈≈
......Y@Y≈≈≈≈P≈
.....≈E≈≈≈≈P≈≈P
{
...$.≈≈≈≈≈≈≈PP≈
..P.≈≈≈≈≈≈≈≈PP≈
...≈≈≈≈≈≈≈≈mP≈P
.≈≈≈≈≈≈P≈≈≈≈P≈P
#
.≈≈≈≈≈P≈≈≈P≈≈≈≈
####
..≈≈≈≈≈≈≈≈≈≈≈≈≈
≈≈P≈


You could see 2 merfolk avatars, a wind drake, a water elemental and 4 dream
sheep.

Vanquished Creatures
  Bai Suzhen (Snake:2)
  Vashnia (Snake:2)
  Rupert (Orc)
  2 krakens (Shoals:1)
  9 nagarajas
  A stone giant (D:11)
  An eye of devastation (shapeshifter) (D:11)
  A minotaur (Gauntlet)
  6 merfolk impalers
  Josephine (D:11)
  A yaktaur captain (D:12)
  8 naga warriors
  A merfolk avatar (Shoals:3)
  Erolcha (D:12)
  A catoblepas (Lair:6)
  An alligator snapping turtle (Shoals:3)
  A ghost crab (Gauntlet)
  3 hydras
  5 anacondas
  12 two-headed ogres
  3 satyrs
  2 ogre magi (Orc)
  4 merfolk aquamancers (Shoals:3)
  10 death yaks
  13 naga sharpshooters
  3 tengu warriors
  6 shock serpents
  5 sea snakes
  A deep elf knight (D:11)
  3 deep trolls
  3 centaur warriors
  A salamander mystic (Snake:3)
  8 naga ritualists
  A death drake (shapeshifter) (Gauntlet)
  A wolf spider zombie (D:12)
  8 cyclopes
  2 orc knights
  A necromancer (IceCv)
  8 oklob plants
  14 fauns
  A deep elf mage (D:11)
  A wolf spider (Lair:6)
  5 manticores
  3 salamanders
  7 mana vipers
  2 ugly things
  7 merfolk sirens
  8 elephants
  26 black mambas
  2 water nymphs (Shoals:3)
  A guardian serpent (Lair:6)
  18 cane toads
  17 naga magi
  A gargoyle (D:12)
  3 ice statues (IceCv)
  An efreet (D:12)
  5 komodo dragons
  9 ice devils (IceCv)
  An eye of draining (D:12)
  A rime drake (Lair:6)
  2 yaktaurs
  A harpy zombie (D:12)
  16 trolls
  17 merfolk
  A tengu conjurer (D:12)
  A queen bee (D:11)
  2 polar bears
  2 hornets (Lair:6)
  2 wind drakes
  A merfolk (shapeshifter) (D:12)
  3 blink frogs (Lair:4)
  4 snapping turtles
  6 hippogriffs
  8 dream sheep
  A shadow (D:11)
  2 water elementals (Shoals:3)
  A vampire (D:12)
  20 yaks
  10 wyverns
  A human (shapeshifter) (D:11)
  6 wraiths
  A redback (Lair:6)
  A vampire mosquito (D:7)
  36 nagas
  A two-headed ogre zombie (D:8)
  An acid dragon (D:12)
  11 crocodiles
  6 porcupines
  17 water moccasins
  21 orc warriors
  A soldier ant (D:10)
  2 ice beasts
  3 sky beasts
  5 black bears
  2 phantoms
  24 ogres
  A wolf (shapeshifter) (Gauntlet)
  5 wolves (Lair:1)
  2 kobold brigands
  8 bullfrogs
  12 centaurs
  3 troll zombies (D:8)
  A wyvern skeleton (D:8)
  A jelly (D:6)
  A scorpion (D:9)
  33 killer bees
  4 wights (D:12)
  3 howler monkeys (D:9)
  10 orc priests
  4 electric eels
  2 bullfrog zombies (D:7)
  A crimson imp (D:6)
  A gnoll shaman (D:5)
  6 hounds
  2 bullfrog skeletons
  Ijyb (D:5)
  16 orc wizards
  10 worker ants
  4 troll simulacra (IceCv)
  2 spriggan simulacra (IceCv)
  3 ogre zombies (D:8)
  A hound skeleton (D:7)
  A worker ant zombie (D:5)
  6 gnolls
  14 adders
  A howler monkey skeleton (D:10)
  2 naga simulacra (IceCv)
  2 ogre simulacra (IceCv)
  4 adder skeletons
  An adder zombie (D:9)
  3 worms
  A dart slug (D:1)
  6 leopard geckos
  50 orcs
  2 ball pythons
  8 bats
  7 goblins
  15 hobgoblins
  A jackal (D:7)
  3 quokkas
  6 frilled lizards
  A goblin zombie (D:8)
  A hobgoblin skeleton (D:8)
  4 hobgoblin zombies (D:8)
  9 kobolds
  A kobold (shapeshifter) (Gauntlet)
  An orc skeleton (D:8)
  15 orc zombies (D:8)
  7 rats
  3 plants
  7 tentacles (Shoals:1)
832 creatures vanquished.

Vanquished Creatures (collateral kills)
  Jorgrun (Shoals:1)
  Aizul (Snake:2)
  A two-headed ogre (D:7)
  A naga sharpshooter (Snake:1)
  A sea snake (Shoals:3)
  A fire crab (D:7)
  A flayed ghost (D:12)
  A mana viper (Snake:1)
  A cyclops (Orc)
  An ugly thing (D:10)
  A faun (Shoals:2)
  2 black mambas
  A water nymph (Shoals:3)
  A naga mage (Snake:3)
  2 rime drakes
  A tengu conjurer (D:7)
  3 merfolk (Shoals:1)
  A hornet (Lair:6)
  A snapping turtle (Shoals:3)
  A blink frog (Lair:4)
  A dream sheep (Lair:6)
  A yak (Lair:4)
  A water elemental (Shoals:3)
  2 hungry ghosts (D:8)
  A redback (Lair:6)
  A naga (Snake:2)
  A water moccasin (Lair:6)
  An ogre (Orc)
  A centaur (D:7)
  2 crimson imps
  A bullfrog skeleton (D:7)
  An ogre zombie (D:8)
  7 orcs
  4 goblins (D:5)
  An orc skeleton (D:8)
  An orc zombie (D:8)
  A plant (Shoals:3)
  2 tentacles (Shoals:1)
54 creatures vanquished.

Vanquished Creatures (others)
  A merfolk javelineer (Shoals:1)
  2 dancing weapons (D:12)
  A centaur warrior (Shoals:1)
  A faun (Shoals:1)
  An orc (D:10)
  2 bushes (Lair:6)
  15 fungi
  74 plants
  9 tentacles (Shoals:1)
106 creatures vanquished.

Grand Total: 992 creatures vanquished

Notes
Turn   | Place    | Note
-------+----------+-------------------------------------------
     0 | D:1      | yrara the Demonspawn Fighter began the quest for the Orb.
     0 | D:1      | Reached XP level 1. HP: 18/18 MP: 1/1
    66 | D:1      | Gained mutation: A weak demonic guardian rushes to your
                  | aid. [demonic ancestry]
    66 | D:1      | Reached XP level 2. HP: 16/24 MP: 2/2
    90 | D:1      | Reached skill level 2 in Maces & Flails
   674 | D:1      | Reached XP level 3. HP: 29/29 MP: 3/3
   883 | D:2      | Found a blossoming altar of Fedhas.
  1057 | D:2      | Noticed a sky beast
  1067 | D:2      | Killed a sky beast
  1068 | D:2      | Reached skill level 3 in Maces & Flails
  1068 | D:2      | Gained mutation: When hurt, damage is shared between your
                  | health and your magic reserves. [demonic ancestry]
  1068 | D:2      | Reached XP level 4. HP: 33/37 MP: 4/4
  1102 | D:2      | Gained mutation: You have a pair of small antennae on your
                  | head. [demonic ancestry]
  1102 | D:2      | Reached XP level 5. HP: 42/42 MP: 5/5
  1394 | D:2      | Found a shattered altar of Ashenzari.
  1931 | D:3      | Reached skill level 4 in Maces & Flails
  2096 | D:3      | Found a glowing golden altar of the Shining One.
  2110 | D:3      | Found a glowing silver altar of Zin.
  2111 | D:3      | Found a white marble altar of Elyvilon.
  2234 | D:3      | Found a shadowy altar of Dithmenos.
  2631 | D:4      | Gained mutation: You have sharp toenails. [demonic
                  | ancestry]
  2631 | D:4      | Reached XP level 6. HP: 41/48 MP: 3/6
  2977 | D:4      | Found Togilel's Armour Shop.
  3056 | D:4      | Found a sparkling altar of Nemelex Xobeh.
  3143 | D:4      | Reached skill level 1 in Bows
  3202 | D:4      | Found Niji's Assorted Antiques.
  3236 | D:4      | Found Ufosk's Gadget Boutique.
  3356 | D:4      | Found a basalt altar of Yredelemnul.
  3522 | D:4      | Bought an embroidered cloak for 217 gold pieces
  3547 | D:5      | Entered Level 5 of the Dungeon
  3727 | D:5      | Reached skill level 5 in Maces & Flails
  3727 | D:5      | Gained mutation: You regenerate magic rapidly. [demonic
                  | ancestry]
  3727 | D:5      | Reached XP level 7. HP: 36/54 MP: 4/7
  4081 | D:5      | Found a shimmering blue altar of Sif Muna.
  4293 | D:5      | Found a hazy altar of Hepliaklqana.
  4298 | D:5      | Reached skill level 6 in Maces & Flails
  4346 | D:5      | Noticed Ijyb
  4362 | D:5      | Killed Ijyb
  4641 | D:6      | Noticed a red ugly thing
  4648 | D:6      | Killed a red ugly thing
  4649 | D:6      | Gained mutation: You have sharp fingernails. [demonic
                  | ancestry]
  4649 | D:6      | Reached XP level 8. HP: 61/61 MP: 4/8
  4704 | D:6      | Found an opulent altar of Gozag.
  4747 | D:6      | Reached skill level 7 in Maces & Flails
  4773 | D:6      | Became a worshipper of Gozag Ym Sagoz the Greedy
  4813 | D:6      | Reached skill level 5 in Fighting
  4851 | D:6      | Reached skill level 5 in Armour
  4951 | D:6      | Found a bloodstained altar of Trog.
  5034 | D:4      | Bought a small bone ring for 145 gold pieces
  5034 | D:4      | Bought a scroll labeled DUEVEA LAKUKK for 29 gold pieces
  5156 | D:7      | Found Yge Nib's Gadget Boutique.
  5180 | D:7      | Found a staircase to the Ecumenical Temple.
  5382 | D:7      | Found a hide-covered altar of Uskayaw.
  5598 | D:8      | Noticed a two-headed ogre
  5661 | D:8      | Killed a two-headed ogre
  5662 | D:8      | Reached skill level 8 in Maces & Flails
  5662 | D:8      | Reached skill level 1 in Dodging
  5662 | D:8      | Gained mutation: You have razor-sharp toenails. [demonic
                  | ancestry]
  5662 | D:8      | Reached XP level 9. HP: 31/69 MP: 3/9
  5804 | D:8      | Found Dera's Weapon Shop.
  5919 | D:8      | Found a staircase to the Orcish Mines.
  5921 | D:8      | Noticed a troll
  6050 | D:8      | Found an ornate altar of the Wu Jian Council.
  6056 | D:8      | Reached skill level 1 in Stealth
  6208 | D:8      | Noticed a two-headed ogre
  6248 | D:8      | Killed a two-headed ogre
  6249 | D:8      | Reached skill level 9 in Maces & Flails
  6362 | D:8      | Gained mutation: You have claws for feet. [demonic
                  | ancestry]
  6362 | D:8      | Reached XP level 10. HP: 40/77 MP: 5/10
  7058 | D:8      | Bought the +3 eveningstar "Husois" {venom, Stlth+} for 455
                  | gold pieces
  7171 | D:7      | Noticed a two-headed ogre
  7175 | D:7      | Killed a two-headed ogre
  7176 | D:7      | Reached skill level 10 in Maces & Flails
  7176 | D:7      | Reached skill level 5 in Bows
  7219 | D:7      | Noticed a fire crab
  7231 | D:7      | Killed a fire crab
  7587 | D:8      | Bought the +9 shortbow "Arbiter" {flame, rF- Str+6} for 693
                  | gold pieces
  8210 | D:9      | Noticed a manticore
  8220 | D:9      | Killed a manticore
  8221 | D:9      | Gained mutation: You have very sharp fingernails. [demonic
                  | ancestry]
  8221 | D:9      | Reached XP level 11. HP: 65/84 MP: 7/11
  8690 | D:9      | Found a staircase to the Lair.
  8897 | Lair:1   | Entered Level 1 of the Lair of Beasts
  8928 | Lair:1   | Reached skill level 11 in Maces & Flails
  9894 | Lair:2   | Found a staircase to the Shoals.
 10873 | Lair:3   | Reached skill level 12 in Maces & Flails
 10960 | Lair:3   | Reached XP level 12. HP: 79/92 MP: 9/12
 11950 | Lair:4   | Noticed a death yak
 11950 | Lair:4   | Noticed a death yak
 11951 | Lair:4   | Noticed a death yak
 11951 | Lair:4   | Noticed a death yak
 11954 | Lair:4   | Noticed a death yak
 11963 | Lair:4   | Killed a death yak
 11970 | Lair:4   | Killed a death yak
 11979 | Lair:4   | HP: 4/94 [death yak (17)]
 11992 | Lair:3   | Killed a death yak
 12291 | D:4      | Bought the +8 orange crystal plate armour {Archmagi, Int+3
                  | Clar} for 1445 gold pieces
 12291 | D:4      | Found the +8 orange crystal plate armour {Archmagi, Int+3
                  | Clar}
 12587 | Lair:4   | Found a staircase to the Snake Pit.
 12601 | Lair:4   | Found an ancient bone altar of Kikubaaqudgha.
 12637 | Lair:4   | Killed a death yak
 12641 | Lair:4   | Killed a death yak
 13188 | Lair:5   | Reached skill level 13 in Maces & Flails
 13404 | Lair:5   | Found a burning altar of Makhleb.
 13882 | Lair:6   | Entered Level 6 of the Lair of Beasts
 13895 | Lair:6   | Gained mutation: You have a pair of antennae on your head.
                  | [demonic ancestry]
 13895 | Lair:6   | Reached XP level 13. HP: 82/100 MP: 9/13
 14004 | Lair:6   | Found a frozen archway.
 14052 | IceCv    | Entered an ice cave
 14388 | IceCv    | Got a faintly glowing plate armour
 14398 | IceCv    | Got a transparent large shield
 14403 | IceCv    | Got a slimy halberd
 14575 | IceCv    | Identified the +17 plate armour "Joabob" {+Inv rElec} (You
                  | found it in an ice cave)
 14693 | Lair:6   | Reached skill level 14 in Maces & Flails
 14756 | Lair:6   | Reached skill level 10 in Bows
 15255 | Lair:6   | Found a staircase to the Elven Halls.
 15394 | Lair:6   | Got a twitching granite ring
 15582 | Lair:6   | Identified the cursed ring "Emies" {*Drain MP+9 Str+2
                  | Stlth--} (You found it on level 6 of the Lair of Beasts)
 15693 | Lair:6   | Gained mutation: When low on magic, you restore magic in
                  | place of health. [demonic ancestry]
 15693 | Lair:6   | Reached XP level 14. HP: 66/109 MP: 10/14
 15953 | Lair:6   | Found the +10 large shield of Ignorance {rN+ Int-4}
 16119 | Lair:6   | Identified the +5 large shield of the Desert {Str+2} (You
                  | found it in an ice cave)
 16381 | D:4      | Bought a +2 pair of gloves of archery for 215 gold pieces
 16515 | Orc      | Entered the Orcish Mines
 16563 | Orc      | Noticed Rupert
 16572 | Orc      | Killed Rupert
 16583 | Orc      | Found a gate leading to a gauntlet.
 16597 | Orc      | Reached skill level 10 in Fighting
 16609 | Gauntlet | Entered a Gauntlet
 16609 | Gauntlet | Found a transporter.
 16609 | Gauntlet | Found a transporter.
 16624 | Gauntlet | Found a transporter.
 16630 | Gauntlet | Found a transporter.
 16640 | Gauntlet | Found a transporter.
 16661 | Gauntlet | Found a transporter.
 16677 | Gauntlet | Found a transporter.
 16695 | Gauntlet | Found a transporter.
 16714 | Gauntlet | Found a transporter.
 16738 | Gauntlet | Found a transporter.
 16826 | Gauntlet | Got a shimmering jade ring
 16851 | Gauntlet | Reached skill level 15 in Maces & Flails
 16861 | Gauntlet | Got a flickering tin ring
 16865 | Gauntlet | Identified the ring "Rodogavy" {Ice rPois Str-4 Int-2
                  | Slay+4} (You found it in a Gauntlet)
 16867 | Gauntlet | Identified the ring of the Townfolk {Wiz Slay+2} (You found
                  | it in a Gauntlet)
 16887 | Gauntlet | Identified the ring "Ishaihatz" {MR+ Str+2 Dex+3 Stlth++}
 16905 | Gauntlet | Got an encrusted ring mail
 17188 | Orc      | Found a viscous altar of Jiyva.
 17240 | Orc      | Found a staircase to the Slime Pits.
 17525 | Orc      | Reached skill level 10 in Armour
 17625 | Orc      | Found Lepe's Jewellery Boutique.
 17634 | Orc      | Found Voisyubb's Antique Armour Boutique.
 17638 | Orc      | Found Satteih's Magic Scroll Shoppe.
 17707 | Orc      | Bought an embroidered scarf for 192 gold pieces
 17720 | Orc      | Found Tajeity's Distillery.
 17728 | Orc      | Bought a potion of heal wounds for 50 gold pieces
 17728 | Orc      | Bought a potion of heal wounds for 50 gold pieces
 17728 | Orc      | Bought a potion of heal wounds for 50 gold pieces
 17728 | Orc      | Bought a potion of heal wounds for 50 gold pieces
 17775 | Orc      | Found Sito Waw's Jewellery Shoppe.
 17932 | D:10     | Entered Level 10 of the Dungeon
 19390 | D:11     | Noticed Josephine
 19391 | D:11     | Reached XP level 15. HP: 81/116 MP: 11/15
 19427 | D:11     | Killed Josephine
 19484 | D:11     | Reached skill level 16 in Maces & Flails
 20383 | D:12     | Entered Level 12 of the Dungeon
 20611 | D:12     | Noticed Erolcha
 20616 | D:12     | Killed Erolcha
 20779 | D:12     | Found a gate to the Vaults.
 21326 | D:12     | Found a staircase to the Depths.
 21492 | Orc      | Bought a +6 amulet of reflection for 781 gold pieces
 21782 | Snake:1  | Entered Level 1 of the Snake Pit
 21816 | Snake:1  | Noticed a nagaraja
 21823 | Snake:1  | Killed a nagaraja
 22044 | Snake:1  | Noticed a nagaraja
 22059 | Snake:1  | Killed a nagaraja
 22872 | Snake:1  | Gained mutation: A demonic guardian rushes to your aid.
                  | [demonic ancestry]
 22872 | Snake:1  | Reached XP level 16. HP: 127/127 MP: 16/16
 23299 | Snake:2  | Noticed Bai Suzhen
 23324 | Snake:2  | Killed Bai Suzhen
 23366 | Snake:2  | Noticed Aizul
 23385 | Snake:2  | Killed Aizul
 23670 | Snake:2  | Found Pywnah's Gadget Shop.
 23670 | Snake:2  | Found Oharch's Antique Weapon Boutique.
 23924 | Snake:2  | Noticed Vashnia
 23980 | Snake:2  | Killed Vashnia
 24245 | Snake:3  | Entered Level 3 of the Snake Pit
 24647 | Snake:3  | Reached skill level 17 in Maces & Flails
 25131 | Snake:3  | Gained mutation: You are robust. (+10% HP) [demonic
                  | ancestry]
 25131 | Snake:3  | Reached XP level 17. HP: 130/149 MP: 17/17
 25227 | Snake:3  | Got a serpentine rune of Zot
 25824 | Shoals:1 | Entered Level 1 of the Shoals
 25845 | Shoals:1 | Reached skill level 15 in Bows
 26224 | Shoals:1 | Identified the cursed +1 whip of Ylirul {slash, rF++ MP+9
                  | Int-3 Dex+4}
 26382 | Shoals:1 | Noticed Jorgrun
 26399 | Shoals:1 | Killed Jorgrun
 26505 | Shoals:1 | Noticed a kraken
 26519 | Shoals:1 | Killed a kraken
 26519 | Shoals:1 | Noticed a kraken
 26535 | Shoals:1 | Killed a kraken
 26844 | Shoals:1 | Noticed a kraken
 27448 | Shoals:3 | Entered Level 3 of the Shoals
 27500 | Shoals:3 | Reached skill level 5 in Stealth
 27935 | Shoals:3 | Identified the +5 dire flail of a Labyrinth {crush, rN++
                  | Str-3 Int+4}
 27993 | Shoals:3 | Noticed Ilsuiw
 28035 | Shoals:3 | Slain by a wind drake

Skill      XL: |  1  2  3  4  5  6  7  8  9 10 11 12 13 14 15 16 17 |
---------------+----------------------------------------------------+-----
Maces & Flails | 2 3 4 5 6 8 9 10 12 13 14 15 16 17 | 17.5
Armour         | 3 4 5 6 7 8 9 10 11 | 11.8
Fighting       | 4 5 6 7 8 9 10 11 13 14 | 14.1
Bows           | 1 2 3 4 5 7 9 10 11 12 14 15 | 15.7
Dodging        | 1 2 |  2.8
Stealth        | 1 2 3 4 5 |  5.2
Shields        | |  2.6
Unarmed Combat | |  0.3
Evocations     | |  0.3

Action                   |  1- 3 |  4- 6 |  7- 9 | 10-12 | 13-15 | 16-18 || total
-------------------------+-------+-------+-------+-------+-------+-------++-------
Melee: Flail             |    96 |   219 |   239 |    30 |       |       ||   584
       Kick              |       |    26 |    67 |   104 |   368 |    91 ||   656
       Unarmed           |       |       |     8 |       |       |       ||     8
       Eveningstar       |       |       |       |   322 |   963 |   269 ||  1554
       Punch             |       |       |       |       |     3 |       ||     3
 Fire: Shortbow          |       |       |       |   136 |   221 |   699 ||  1056
Invok: Call Merchant     |       |       |       |       |     4 |     2 ||     6
Evoke: Wand              |       |       |     2 |       |     1 |       ||     3
  Use: Scroll            |     5 |     5 |     4 |    10 |     7 |     3 ||    34
       Potion            |     2 |       |     1 |     2 |     8 |     7 ||    20
 Stab: Distracted        |     1 |       |       |     3 |    21 |     5 ||    30
       Petrifying        |       |       |     1 |       |     2 |       ||     3
       Petrified         |       |       |       |       |     4 |       ||     4
       Sleeping          |       |       |       |       |     2 |       ||     2
  Eat: Chunk             |     3 |    16 |     6 |       |       |       ||    25
       Ration            |       |       |     4 |    10 |    13 |     9 ||    36
Armor: Scale mail        |    54 |    75 |       |       |       |       ||   129
       Chain mail        |       |    45 |   150 |   170 |       |       ||   365
       Crystal plate arm |       |       |       |    49 |   127 |       ||   176
       Plate armour      |       |       |       |       |   664 |   216 ||   880
Dodge: Dodged            |    54 |   104 |    66 |   129 |   341 |    88 ||   782
       Deflected         |       |       |       |       |    30 |    43 ||    73
Block: Other             |       |       |       |       |    15 |    75 ||    90
       Reflection        |       |       |       |       |     1 |    18 ||    19
